Map: Traitor's Exile

Players

OpuS

  • Race: Protoss Protoss
  • League: Platinum
  • Spawn Location: 5:00

Sketchaphone

  • Race: Zerg Zerg
  • League: Platinum
  • Spawn Location: 6:00

greazybaby - Winner!

  • Race: Protoss Protoss
  • League: Diamond
  • Spawn Location: 9:00

Ehgeekay - Winner!

  • Race: Zerg Zerg
  • League: Platinum
  • Spawn Location: 12:00

VOD

Have the link to the VOD?

Description

Time

  • Played on: Feb. 11, 2019, 8:08 p.m.
  • Length: 14:14
Show
View Real Time Build Order
Export as new Build Order

OpuS Protoss 

Build Orders:  

Get SALT Encoding   

  12  0:01  Probe  
  13  0:13  Probe  
  14  0:22  Pylon  
  14  0:25  Probe  
  15  0:42  Probe, Gateway  
  16  0:50  Probe  
  17  1:00  Probe  
  17  1:01  Gateway  
  18  1:09  Probe  
  18  1:16  Assimilator  
  18  1:17  Probe  
  19  1:19  Assimilator  
  20  1:27  Probe  
  21  1:37  Cybernetics Core  
  21  1:39  Probe  
  22  1:43  Pylon  
  22  2:01  Zealot  
  24  2:03  Probe  
  25  2:11  Probe  
  25  2:13  Warp Gate  
  26  2:21  Stalker  
  28  2:28  Pylon  
  27  3:06  Stalker x2  
  31  3:18  Stargate  
  31  3:22  Stargate  
  31  3:24  Pylon  
  31  3:42  Zealot x2  
  35  3:56  Void Ray  
  35  3:59  Gateway x2  
  37  4:18  Shield Battery  
  37  4:21  Stalker x2  
  41  4:30  Shield Battery  
  35  4:39  Void Ray  
  39  5:07  Nexus  
  39  5:10  Pylon  
  39  5:23  Zealot x2  
  39  5:28  Zealot  
  45  5:46  Void Ray  
  43  6:01  Void Ray  
  43  6:10  Probe  
  40  6:20  Void Ray  
  40  6:23  Probe  
  41  6:32  Probe  
  46  6:35  Probe  
  47  6:44  Zealot x2  
  51  6:55  Probe x2  
  53  7:08  Void Ray  
  53  7:11  Void Ray  
  53  7:13  Protoss Air Weapons Level 1  
  61  7:25  Probe  
  61  7:27  Probe  
  63  7:34  Forge  
  63  7:37  Probe  
  60  7:44  Void Ray  
  64  7:58  Probe x2  
  64  8:00  Pylon  
  66  8:15  Zealot x2  
  69  8:25  Probe x2  
  60  8:37  Probe x2  
  62  8:44  Photon Cannon  
  62  8:49  Probe x2  
  64  9:01  Probe  
  61  9:08  Void Ray  
  53  9:23  Zealot  
  53  9:24  Zealot x3  
  45  9:32  Photon Cannon  
  45  9:34  Photon Cannon  
  45  9:36  Probe  
  45  9:37  Probe  
  47  9:49  Shield Battery  
  47  9:51  Pylon  
  46  9:57  Photon Cannon  
  43  10:06  Assimilator  
  41  10:09  Assimilator  
  41  10:10  Photon Cannon  
  38  10:33  Fleet Beacon  
  38  10:38  Probe x2  
  36  10:50  Probe  
  36  10:56  Photon Cannon  
  36  11:01  Probe  
  36  11:02  Probe  
  34  11:14  Probe x2  
  34  11:16  Shield Battery  
  33  11:26  Probe x2  
  33  11:31  Carrier  
  41  11:54  Probe  
  41  11:55  Probe  
  41  11:58  Photon Cannon  
  35  12:02  Carrier  
  35  12:06  Probe  
  35  12:07  Probe  
  43  12:29  Carrier  
  43  12:35  Probe x2  
  51  13:01  Stargate  
  51  13:03  Pylon, Carrier  
  51  13:06  Probe x2  
Show
View Real Time Build Order
Export as new Build Order

Sketchaphone Zerg 

Build Orders: Hatch First 

Get SALT Encoding   

  12  0:01  Drone  
  13  0:13  Overlord  
  13  0:18  Drone  
  14  0:23  Extractor  
  14  0:24  Drone  
  15  0:34  Drone  
  15  0:35  Drone  
  17  1:00  Hatchery, Drone  
  17  1:02  Drone, Extractor  
  17  1:10  Drone  
  18  1:25  Spawning Pool  
  17  1:36  Overlord, Drone  
  18  1:42  Drone  
  19  1:51  Drone  
  20  2:00  Drone  
  21  2:11  Metabolic Boost  
  21  2:13  Zergling x2  
  22  2:16  Queen  
  22  2:20  Queen  
  26  2:23  Drone  
  27  2:31  Drone x2  
  27  2:36  Overlord  
  29  2:39  Drone  
  30  2:53  Drone  
  31  3:10  Drone x2  
  31  3:11  Drone x2  
  31  3:12  Hatchery  
  34  3:16  Zergling x4  
  36  3:22  Queen  
  36  3:24  Drone  
  39  3:29  Spore Crawler  
  38  3:36  Drone x2  
  38  3:39  Evolution Chamber  
  38  3:47  Spine Crawler, Zergling x4  
  38  3:52  Overlord  
  38  3:53  Zergling x2  
  39  3:56  Zergling x2  
  39  3:57  Zergling x2  
  39  4:02  Zergling x4  
  43  4:08  Zerg Melee Weapons Level 1  
  43  4:11  Zergling x6  
  45  4:20  Zergling x8  
  45  4:22  Zergling x2  
  50  4:27  Zergling x4  
  50  4:28  Zergling x2  
  49  4:35  Zergling x2  
  50  4:43  Zergling x10  
  49  5:04  Zergling x12  
  49  5:05  Evolution Chamber  
  51  5:22  Drone x2  
  51  5:25  Zergling x4, Drone  
  51  5:26  Drone  
  57  5:37  Overlord  
  57  5:55  Queen  
  46  6:13  Zergling x16  
  46  6:18  Zerg Ground Armor Level 1  
  49  6:19  Overlord x2  
  49  6:20  Zergling x16  
  57  6:36  Overlord  
  57  6:39  Overlord, Roach Warren  
  56  6:40  Hatchery  
  56  6:45  Zergling x8  
  59  6:56  Zergling x4  
  43  7:34  Roach x11  
  65  7:37  Drone  
  65  7:40  Overlord  
  65  7:42  Extractor  
  61  7:45  Overlord  
  61  7:47  Roach  
  61  7:56  Roach x2  
  64  7:59  Zergling x4  
  64  8:04  Zergling x10  
  68  8:09  Spore Crawler  
  66  8:13  Drone  
  66  8:14  Spore Crawler, Drone x3  
  69  8:20  Zergling x4  
  69  8:22  Queen  
  63  8:50  Zergling x20  
  73  8:59  Zergling x2  
  72  9:08  Zergling x10  
  69  9:12  Lair  
  69  9:13  Drone x2  
  65  9:26  Drone x2  
  65  9:27  Drone  
  68  9:44  Overlord x2  
  56  10:12  Drone x10  
  62  10:17  Zerg Ground Armor Level 2, Glial Reconstitution  
  62  10:22  Queen  
  62  10:23  Drone x2  
  62  10:25  Drone  
  66  10:32  Drone  
  67  10:36  Overlord  
  67  10:47  Overlord x2  
  59  11:03  Drone x4, Extractor  
  62  11:04  Extractor  
  62  11:07  Extractor  
  62  11:08  Drone x3  
  62  11:09  Drone x2  
  62  11:10  Overlord x2  
  65  11:11  Pneumatized Carapace  
  65  11:16  Hydralisk Den  
  65  11:17  Zerg Missile Weapons Level 1  
  64  11:24  Evolution Chamber  
  63  11:28  Spore Crawler  
  62  11:34  Roach x8  
  75  11:47  Roach x3  
  75  11:53  Drone  
  82  12:05  Hydralisk x2  
  76  12:18  Zergling x2  
  76  12:19  Zergling x16  
  65  12:35  Spore Crawler  
  60  12:38  Grooved Spines, Hydralisk  
  60  12:39  Hydralisk x4  
  70  12:47  Hydralisk  
  71  12:56  Hydralisk  
  73  13:04  Hydralisk x3  
  60  13:25  Hydralisk x2  
  64  13:32  Drone  
Show
View Real Time Build Order
Export as new Build Order

greazybaby Protoss - Winner!

Build Orders:  

Get SALT Encoding   

  12  0:00  Probe  
  13  0:13  Probe  
  14  0:18  Pylon  
  14  0:25  Probe  
  15  0:35  Probe  
  15  0:40  Gateway  
  16  0:43  Probe  
  17  0:52  Probe  
  17  0:56  Assimilator  
  18  1:05  Probe  
  18  1:08  Assimilator  
  19  1:21  Probe  
  20  1:28  Cybernetics Core  
  20  1:32  Pylon  
  20  1:33  Probe  
  21  1:46  Probe  
  22  1:52  Gateway  
  22  1:55  Gateway  
  22  1:59  Adept  
  22  2:07  Warp Gate  
  22  2:12  Probe  
  25  2:24  Probe  
  26  2:36  Stalker  
  28  2:39  Stalker  
  30  2:47  Pylon  
  30  3:08  Nexus  
  30  3:17  Shield Battery  
  29  3:29  Probe  
  29  3:32  Pylon  
  30  3:41  Probe  
  31  3:58  Stalker x3  
  37  4:08  Probe  
  38  4:20  Probe  
  35  4:41  Stalker x3  
  35  4:43  Probe x2  
  39  4:51  Stargate  
  39  4:52  Probe x2, Stargate  
  41  5:00  Probe x2  
  41  5:04  Assimilator  
  43  5:08  Assimilator  
  43  5:10  Probe  
  44  5:17  Probe  
  45  5:22  Probe  
  46  5:30  Probe  
  47  5:36  Probe  
  47  5:40  Probe  
  47  5:41  Fleet Beacon  
  49  5:42  Phoenix  
  49  5:44  Probe, Phoenix  
  49  5:48  Probe  
  54  5:52  Probe  
  56  6:05  Adept x3  
  56  6:10  Phoenix  
  60  6:13  Phoenix  
  60  6:15  Pylon  
  60  6:16  Pylon  
  62  6:26  Anion Pulse-Crystals  
  62  6:29  Phoenix  
  62  6:35  Phoenix  
  66  6:47  Phoenix  
  66  7:00  Phoenix  
  62  7:16  Zealot x3  
  68  7:30  Pylon  
  68  7:34  Phoenix  
  70  7:41  Nexus  
  70  7:42  Pylon  
  70  7:45  Pylon  
  70  7:48  Shield Battery, Phoenix  
  70  7:49  Shield Battery  
  72  7:52  Shield Battery  
  72  8:09  Phoenix x2  
  74  8:22  Stalker x3  
  80  8:27  Phoenix  
  80  8:28  Phoenix  
  82  8:36  Pylon  
  84  8:44  Protoss Air Weapons Level 1  
  84  8:47  Stalker x3  
  90  8:54  Probe x3  
  93  9:06  Probe x2  
  63  9:35  Adept x3  
  67  9:40  Probe x3  
  45  10:14  Zealot x3  
  45  10:17  Probe x3  
  54  10:21  Assimilator  
  54  10:22  Phoenix x2  
  54  10:25  Assimilator  
  58  10:29  Probe x3  
  61  10:41  Probe x3  
  64  10:45  Pylon  
  64  10:47  Pylon, Phoenix x2  
  64  10:48  Pylon  
  68  10:53  Pylon, Probe x2  
  70  11:12  Phoenix  
  70  11:15  Protoss Air Weapons Level 2  
  72  11:20  Phoenix  
  72  11:24  Probe x3  
  77  11:31  Twilight Council  
  77  11:34  Pylon  
  77  11:37  Probe x2, Phoenix  
  81  11:42  Probe  
  81  11:43  Nexus  
  81  11:45  Probe, Phoenix  
  80  12:02  Phoenix  
  82  12:10  Phoenix  
  84  12:27  Phoenix  
  86  12:37  Gateway  
  86  12:38  Gateway  
  86  12:40  Gateway  
  86  12:44  Gateway  
  86  12:47  Gateway  
  86  12:51  Gateway  
  86  12:59  Pylon  
  86  13:03  Pylon, Probe x3  
  90  13:05  Probe  
  90  13:15  Probe x3  
  90  13:17  Probe  
  90  13:19  Zealot  
  96  13:20  Zealot x2  
  101  13:27  Probe x3  
  101  13:29  Probe  
  101  13:33  Phoenix x2  
  108  13:39  Probe  
  108  13:40  Zealot x2  
  108  13:41  Zealot  
  115  13:50  Templar Archives  
  115  13:52  Dark Shrine  
  115  13:54  Probe x3  
  118  13:56  Probe  
Show
View Real Time Build Order
Export as new Build Order

Ehgeekay Zerg - Winner!

Build Orders: Hatch First 

Get SALT Encoding   

  12  0:01  Drone  
  13  0:13  Overlord  
  13  0:19  Drone  
  14  0:32  Drone x2  
  16  0:38  Drone  
  17  1:01  Hatchery  
  16  1:10  Spawning Pool  
  15  1:12  Drone  
  15  1:16  Drone  
  17  1:21  Extractor  
  17  1:23  Drone  
  17  1:27  Drone  
  18  1:34  Drone  
  19  1:45  Overlord  
  19  1:57  Queen  
  21  2:10  Hatchery  
  20  2:17  Queen  
  22  2:26  Metabolic Boost  
  22  2:41  Drone x4  
  26  3:05  Overlord x2  
  26  3:11  Zergling x2  
  26  3:12  Zergling x6  
  30  3:14  Zergling x4  
  32  3:23  Baneling Nest  
  31  3:29  Queen  
  31  3:33  Drone  
  34  3:36  Drone  
  35  3:50  Zergling x2  
  35  3:51  Zergling x8  
  40  4:08  Zergling x2  
  40  4:09  Zergling x12  
  43  4:31  Zergling x14  
  37  4:37  Baneling x2  
  37  4:38  Baneling  
  43  4:39  Baneling  
  43  4:40  Zergling x2  
  41  5:06  Baneling  
  41  5:07  Baneling x2  
  41  5:09  Baneling  
  41  5:25  Zergling x12  
  41  5:26  Zergling x20  
  57  5:32  Baneling x3  
  57  5:42  Lair  
  39  6:02  Zergling x2  
  39  6:03  Zergling x16  
  44  6:18  Baneling x6  
  42  6:19  Zergling x6  
  45  6:33  Drone x2  
  45  6:35  Drone  
  45  6:36  Drone x2  
  50  7:00  Extractor  
  44  7:27  Zergling x22  
  44  7:28  Zergling x4  
  57  7:30  Overlord x4  
  52  7:49  Zergling x2  
  52  7:50  Zergling x10  
  45  8:32  Spire  
  45  8:34  Drone x6  
  45  8:35  Drone x3  
  42  9:01  Zergling x2  
  42  9:02  Zergling x10  
  48  9:10  Drone x3  
  48  9:16  Extractor  
  49  9:17  Extractor  
  46  9:24  Baneling  
  46  9:25  Baneling x4  
  46  9:26  Zergling x2  
  46  9:27  Zergling x20  
  56  9:42  Zergling x2  
  56  9:43  Zergling x6  
  53  10:03  Zergling x2  
  53  10:04  Zergling x10  
  57  10:16  Zergling x2  
  57  10:17  Zergling x22  
  62  11:01  Overlord x3, Evolution Chamber  
  62  11:02  Overlord x2, Evolution Chamber  
  60  11:13  Mutalisk x11  
  82  11:21  Baneling x2  
  82  11:22  Baneling x3  
  79  12:03  Mutalisk x2  
  79  12:04  Mutalisk x3  
  79  12:06  Zergling x6  
  79  12:07  Zergling x20  
  81  12:39  Mutalisk  
  81  12:40  Mutalisk x3  
  81  12:41  Zergling x2  
  81  12:42  Zergling x8  
  89  12:59  Mutalisk x2  
  89  13:00  Zergling x2  
  93  13:17  Zergling x2  
  93  13:18  Zergling x10  
  85  13:24  Queen x3  
  75  13:49  Mutalisk x2  
  75  13:50  Mutalisk x2  
Tags
 
Add a new tag
Caveats
  • Supply blocks, unpowered buildings, or Contaminate may cause inaccurate times.
  • Supply counts are checked every 10 seconds.